 Dungeon Crawl Stone Soup version 0.19.0-11-g3fc08b3 (webtiles) character file.

743 dracos369 the Chopper (level 8, -2/60 HPs)
             Began as a Formicid Chaos Knight on Nov 10, 2016.
             Killed from afar by a white imp (8 damage)
             ... with a puff of frost
             ... summoned by Xom
             ... on level 11 of the Dungeon.
             The game lasted 00:11:56 (3833 turns).

dracos369 the Chopper (Formicid Chaos Knight)       Turns: 3833, Time: 00:11:57

Health: -2/60      AC:  7    Str: 19    XL:     8   Next: 5%
Magic:  8/8        EV:  9    Int: 12    God:    Xom [......]
Gold:   211        SH:  9    Dex: 10    Spells: 0 memorised, 7 levels left

rFire  . . .     SeeInvis +     b - +5 hand axe (chop)
rCold  . . .     Gourm    .     y - +2 leather armour
rNeg   . . .     Faith    .     p - +0 shield
rPois  .         Spirit   .     (helmet unavailable)
rElec  .         Reflect  .     (no cloak)
rCorr  +         Harm     .     n - +0 pair of gloves
MR     .....                    D - +0 pair of boots
Stlth  +++.......               (no amulet)
                                j - ring of stealth
                                t - ring of resist corrosion

@: lethally poisoned (-2 -> -22), flying, drained, invisible
A: permanent stasis, dig shafts and tunnels, four strong arms, antennae 3
a: Dig, Shaft Self, Renounce Religion


You were on level 11 of the Dungeon.
You worshipped Xom.
You were a very special plaything of Xom.
You were very hungry.

You visited 1 branch of the dungeon, and saw 9 of its levels.

You collected 211 gold pieces.

Inventory:

Hand Weapons
 a - a +0 hand axe of chaos
 b - a +5 hand axe of chopping (weapon)
Missiles
 E - 5 javelins (quivered)
Armour
 n - a +0 pair of gloves (worn)
 p - a +0 shield (worn)
 y - a +2 leather armour (worn)
 D - a +0 pair of boots (worn)
Jewellery
 i - an uncursed ring of wizardry
 j - a ring of stealth (right hand)
 t - a ring of resist corrosion (left hand)
 x - an uncursed ring of magical power
Wands
 u - a wand of random effects (11/48)
Scrolls
 e - 2 scrolls of magic mapping
 g - a scroll of teleportation {unknown}
 h - 2 scrolls of fog {unknown}
 m - 2 scrolls of recharging {unknown}
 o - 3 scrolls of random uselessness {unknown}
 q - a scroll of enchant armour {unknown}
 r - 4 scrolls of remove curse
 B - 2 scrolls of identify {unknown}
Potions
 d - 3 potions of brilliance
 k - a potion of might
 A - a potion of ambrosia {unknown}
 C - a potion of flight
Comestibles
 c - 2 bread rations
 l - 4 meat rations
 z - a slice of pizza


   Skills:
 - Level 3.7(2.5) Fighting
 * Level 7.1(5.8) Axes
 - Level 2.2(1.2) Armour
 - Level 1.0(0.0) Dodging
 + Level 3.9(2.8) Stealth
 + Level 4.2(3.1) Shields


You had 7 spell levels left.
You didn't know any spells.

Dungeon Overview and Level Annotations

Branches:
Dungeon (11/15)
 Temple: D:4-7         Lair: D:8-11         Orc: D:9-12

Altars:
Cheibriados
Gozag
Ru
Sif Muna
Trog
Vehumet

Annotations:
D:4 Vajrapani's ghost, novice MiFi


Innate Abilities, Weirdness & Mutations

You are under a permanent stasis effect.
You can dig through walls and to a lower floor.
Your four strong arms can wield two-handed weapons with a shield.
You have a pair of large antennae on your head. (SInv)


Message History

You feel sick. "Let's see if it's strong enough to survive yet."
Unknown command.
It was a potion of cure mutation.
It has a very clean taste.
You feel agile. x2; Your urge to shout disappears.
* * * LOW HITPOINT WARNING * * *
You feel sick. The ufetubus completely misses you.
You block the ufetubus's attack. The ice devil closely misses you.
Unknown command.
It was a potion of invisibility.
You fade into invisibility!
Xom roars with laughter!
* * * LOW HITPOINT WARNING * * *
You feel sick. You block the ufetubus's attack. x2
The ufetubus closely misses you. The ufetubus hits you.
* * * LOW HITPOINT WARNING * * *
The white imp gestures at you. The puff of frost hits you!
You die...
Xom bursts into laughter!

{ { # # #.
.##
#..#####...#
#...§.§....#
#..5@4p...#
#..555.....#
#..........#
#..........#
#..........#
+..........+
#..........#
############


You could see an ice devil, a human, a crimson imp, a white imp and 2 ufetubi.

Vanquished Creatures
  A phantom (D:4)
  A centaur (D:5)
  A bullfrog (D:6)
  A water moccasin skeleton (D:6)
  A howler monkey (D:6)
  A bullfrog zombie (D:5)
  2 orc priests (D:3)
  A centaur skeleton (D:5)
  2 worker ants (D:6)
  5 adders
  6 gnolls
  An ooze (D:1)
  2 worms
  4 dart slugs
  A leopard gecko (D:5)
  6 orcs
  2 bats
  3 giant cockroaches
  6 goblins
  7 hobgoblins
  14 jackals
  A quokka (D:2)
  7 frilled lizards
  2 kobolds
  9 rats
87 creatures vanquished.

Vanquished Creatures (collateral kills)
  An ogre (D:5)
1 creature vanquished.

Vanquished Creatures (others)
  A jackal (D:5)
1 creature vanquished.

Grand Total: 89 creatures vanquished

Notes
Turn   | Place    | Note
-------+----------+-------------------------------------------
     0 | D:1      | dracos369 the Formicid Chaos Knight began the quest for the Orb.
     0 | D:1      | Reached XP level 1. HP: 18/18 MP: 1/1
   112 | D:1      | Reached skill level 1 in Dodging
   112 | D:1      | Reached XP level 2. HP: 17/24 MP: 2/2
   639 | D:1      | Reached XP level 3. HP: 29/30 MP: 3/3
   972 | D:2      | You fall through a shaft!
   998 | D:3      | Reached skill level 4 in Axes
  1122 | D:2      | XOM: silly message
  1144 | D:2      | Reached XP level 4. HP: 22/37 MP: 4/4
  1241 | D:2      | XOM: mild Tloc miscast
  1594 | D:3      | XOM: harmless Necr miscast
  1842 | D:3      | XOM: potion effect (invisibility)
  1843 | D:3      | Reached skill level 1 in Shields
  1843 | D:3      | Reached XP level 5. HP: 42/42 MP: 5/5
  1857 | D:3      | Reached skill level 5 in Axes
  2065 | D:3      | XOM: silly message
  2129 | D:4      | Noticed Vajrapani's ghost (novice MiFi)
  2137 | D:5      | Entered Level 5 of the Dungeon
  2159 | D:5      | Found a bloodstained altar of Trog.
  2171 | D:5      | Noticed an ogre
  2173 | D:5      | XOM: summons 5 friendly demons
  2185 | D:5      | Killed an ogre
  2185 | D:5      | Reached skill level 1 in Stealth
  2185 | D:5      | Reached XP level 6. HP: 18/48 MP: 6/6
  2265 | D:5      | XOM: give mutations
  2265 | D:5      | Gained mutation: You are clumsy. (Dex -2) [Xom's mischief]
  2265 | D:5      | Gained mutation: You occasionally shout uncontrollably at your foes. [Xom's mischief]
  2376 | D:5      | XOM: harmless Summ miscast
  2514 | D:5      | Reached skill level 6 in Axes
  2514 | D:5      | Reached XP level 7. HP: 39/53 MP: 7/7
  2625 | D:5      | XOM: blink monster(s)
  2628 | D:5      | XOM: smoke on damage
  2797 | D:4      | XOM: medium Tmut miscast
  2806 | D:4      | Gained mutation: You are very clumsy. (Dex -4) [mutagenic glow]
  2954 | D:4      | XOM: chaos cloud
  2996 | D:6      | XOM: harmless Hex miscast
  3018 | D:6      | HP: 2/53 [poisoned by a worker ant]
  3463 | D:6      | Found a radiant altar of Vehumet.
  3468 | D:6      | Reached skill level 7 in Axes
  3480 | D:6      | Reached XP level 8. HP: 42/60 MP: 8/8
  3487 | D:6      | Found an opulent altar of Gozag.
  3491 | D:6      | Found a snail-covered altar of Cheibriados.
  3491 | D:6      | Found a deep blue altar of Sif Muna.
  3494 | D:6      | Found a bloodstained altar of Trog.
  3496 | D:6      | Found a sacrificial altar of Ru.
  3505 | D:6      | XOM: draining
  3518 | D:6      | You fall through a shaft for 2 floors!
  3795 | D:7      | Noticed a hippogriff
  3830 | D:8      | You fall through a shaft for 3 floors!
  3830 | D:11     | Noticed a human
  3831 | D:11     | XOM: summons 4 hostile demons
  3832 | D:11     | Noticed an ice devil
  3832 | D:11     | Lost mutation: You are very clumsy. (Dex -4) [potion of cure mutation]
  3832 | D:11     | Lost mutation: You are clumsy. (Dex -2) [potion of cure mutation]
  3832 | D:11     | Lost mutation: You occasionally shout uncontrollably at your foes. [potion of cure mutation]
  3833 | D:11     | Killed from afar by a white imp

Skill      XL: |  1  2  3  4  5  6  7 |
---------------+----------------------+-----
Dodging        | 1 |  1.0
Axes           | 4 5 6 7 |  7.1
Shields        | 1 2 3 4 |  4.2
Stealth        | 1 2 3 |  3.9
Fighting       | |  3.7
Armour         | |  2.2

Action                   |  1- 3 |  4- 6 |  7- 9 || total
-------------------------+-------+-------+-------++-------
Melee: Hand axe          |    79 |   112 |   103 ||   294
 Abil: Shaft Self        |     1 |       |     2 ||     3
       Dig               |       |       |     1 ||     1
Evoke: Wand              |       |       |     2 ||     2
  Use: Potion            |       |       |     9 ||     9
       Scroll            |       |       |     2 ||     2
 Stab: Paralysed         |     1 |       |       ||     1
       Invisible         |       |     2 |       ||     2
       Sleeping          |       |     1 |     2 ||     3
       Distracted        |       |     1 |       ||     1
  Eat: Chunk             |     1 |     5 |     4 ||    10
Armor: Leather armour    |    33 |    26 |    29 ||    88
Dodge: Dodged            |    36 |    58 |    57 ||   151
Block: Shield            |       |    17 |    65 ||    82
